Match 42515582
Unlisted

Match 42515582
End
Pioneer Squad
Construct Infanterie Kompanie
Selects Terror Battlegroup
Selects Machine Gun Camouflage
Grenadier Squad
MG 42 Machine Gun Team
Grenadier Squad
Construct Luftwaffe Kompanie
Selects Interrogate
Jäger Squad
GrW 34 Mortar Team
Medical Station
Infanterie Officer Quarters
MG 42 Machine Gun Team
Selects Defend the Fatherland
Construct Panzergrenadier Kompanie
Pak 40 Anti-tank Gun Team
AI Takeover
TheLegend27
Spec
Alias_Renner
The White Mandingo
DeadPhoenix
Zleg
0
0

Comments sign in to comment!

No comments posted yet!